cohdb
Replays
Latest Replays
All Replays
Popular Replays
Top Player Replays
Match Explorer
How It Works
Community
CoH3 Stats
Reddit
Sign in to upload your games and track your stats! →
Sign in with Steam
Match 19696887
Unlisted
Match 19696887
Overview
Messages
Build Orders
End
Vickers Machine Gun Team
Construct Section Command Post
Infantry Section
Dingo Light Scout Car
Royal Engineer Section
Construct Platoon Command Post
Selects Air and Sea Battlegroup
Selects Commando Section Paradrop
Commando Section Paradrop
Selects Commando LMG Section Paradrop
Construct Field Infirmary
Commando Section Paradrop
Commando Section Paradrop
Unlock M3 Stuart Light Tanks
Unlock Bishop Self-propelled Artillery
Selects Supply Surplus
M3 Stuart Light Tank
Young Lando
Orance
kerem
DOGO.
PMA
GIGA XI
Julm
SoLoMase
0
0
Comments
sign in to comment!
No comments posted yet!